 Dungeon Crawl Stone Soup version 0.20.0-15-g7f486f2 (webtiles) character file.

139 NoNouf the Cudgeler (level 5, -1/32 HPs)
             Began as a Gargoyle Fighter on June 19, 2017.
             Killed by nerve-wracking pain
             ... invoked by Grinder
              (2 damage)
             ... on level 3 of the Dungeon.
             The game lasted 00:20:13 (2521 turns).

NoNouf the Cudgeler (Gargoyle Fighter)              Turns: 2521, Time: 00:20:14

Health: -1/32      AC: 12    Str: 24    XL:     5   Next: 22%
Magic:  5/5        EV:  7    Int:  9    God:
Gold:   135        SH: 11    Dex: 10    Spells: 4/4 levels left

rFire    . . .     SeeInvis .   a - +0 flail
rCold    . . .     Gourm    .   c - +0 shield
rNeg     + . .     Faith    .   b - +0 scale mail
rPois    ∞         Spirit   .   v - +0 helmet
rElec    +         Reflect  +   (no cloak)
rCorr    .         Harm     .   (no gloves)
MR       .....                  (no boots)
Stlth    ..........             t - +2 amulet of reflection
Regen    0.1/turn               (no ring)
MPRegen  0.1/turn               (no ring)

@: mighty
A: negative energy resistance 1, electricity resistance, unbreathing,
petrification resistance, rot immunity, AC +4
a: no special abilities


You were on level 3 of the Dungeon.
You were not hungry.

You visited 1 branch of the dungeon, and saw 3 of its levels.

You collected 135 gold pieces.

Inventory:

Hand Weapons
 a - a +0 flail (weapon)
Armour
 b - a +0 scale mail (worn)
 c - a +0 shield (worn)
 v - a +0 helmet (worn)
Magical Staves
 n - an uncursed staff of summoning {unknown}
Jewellery
 t - a +2 amulet of reflection (around neck)
 y - an uncursed amulet of rage {unknown}
Scrolls
 g - 2 scrolls of immolation
 h - 3 scrolls of teleportation
 i - a scroll of remove curse {unknown}
 j - a scroll of amnesia {unknown}
 k - 2 scrolls of identify
 q - a scroll of fog {unknown}
 s - a scroll of fear {unknown}
Potions
 e - a potion of agility
 m - 2 potions of haste {unknown}
 p - a potion of flight {unknown}
 r - a potion of curing {unknown}
 x - a potion of brilliance {unknown}
Comestibles
 f - 3 bread rations
 l - a fruit
 o - a royal jelly
 u - a meat ration
 w - 6 chunks of flesh


   Skills:
 - Level 3.2 Fighting
 + Level 4.6 Maces & Flails
 + Level 4.1 Armour
 - Level 0.1 Dodging
 - Level 0.2 Stealth
 - Level 3.2 Shields


You had 4 spell levels left.
You didn't know any spells.

Dungeon Overview and Level Annotations

Branches:
Dungeon (3/15)

Altars:
Ru

Annotations:
D:3 Grinder


Innate Abilities, Weirdness & Mutations

You are resistant to torment.
Your stone body is resilient. (AC +4)
You are immune to poison.
You resist negative energy. (rN+)
You are resistant to electric shocks. (rElec)
You can survive without breathing.
You are immune to petrification.
You are immune to rotting.


Message History

You sock Grinder!
Grinder is heavily wounded.
Grinder hits you.
You writhe in agony.
* * * LOW HITPOINT WARNING * * *
You closely miss Grinder.
Grinder is heavily wounded.
Grinder hits you but does no damage. x2
You sock Grinder!
Grinder is almost dead.
You block Grinder's attack.
You barely miss Grinder.
Grinder is almost dead.
Grinder hits you!
* * * LOW HITPOINT WARNING * * *
Unknown command.
You barely miss Grinder.
Grinder is almost dead.
Grinder gestures at you. Pain shoots through your body!
You die...

....#..+...[#..........#.#.#)#'##
....##.#....#.......#..#.#.#.#(#
.......#....#....##.#..#.#.#.#'##
##+###...##.###(.##.#..#.#.#.....
#. ..#...(##.#....#.#..<.. #.#
##........#.####.#.....
#.###.........#.....(#.....
#...#.....)...###..........
#...+.....@5....'..........
#...#####)#######....[.#### +...#
#.# .........# #.## #.#
#.........#
#..####)####.........#
##..........##########
#.)........# ##.........#
#.###'##.##


You could see Grinder.

Vanquished Creatures
  Jessica (D:3)
  Robin (D:2)
  An adder (D:2)
  4 dart slugs
  3 leopard geckos
  A ball python (D:1)
  6 bats
  2 giant cockroaches
  21 goblins
  10 hobgoblins
  3 jackals (D:2)
  6 frilled lizards
  8 kobolds
  8 rats
75 creatures vanquished.

Notes
Turn   | Place    | Note
-------+----------+-------------------------------------------
     0 | D:1      | NoNouf the Gargoyle Fighter began the quest for the Orb.
     0 | D:1      | Reached XP level 1. HP: 14/14 MP: 1/1
   186 | D:1      | Reached XP level 2. HP: 19/19 MP: 2/2
   483 | D:1      | Reached XP level 3. HP: 23/23 MP: 3/3
   885 | D:2      | Found a sacrificial altar of Ru.
  1309 | D:2      | Found a sacrificial altar of Ru.
  1330 | D:2      | Reached XP level 4. HP: 28/28 MP: 4/4
  1773 | D:3      | Noticed Robin
  1792 | D:3      | Noticed Grinder
  2130 | D:2      | Killed Robin
  2391 | D:3      | Noticed Jessica
  2399 | D:3      | Killed Jessica
  2399 | D:3      | Reached XP level 5. HP: 32/32 MP: 5/5
  2465 | D:3      | Paralysed by Grinder for 5 turns
  2486 | D:3      | Paralysed by Grinder for 5 turns
  2512 | D:3      | Paralysed by Grinder for 2 turns
  2520 | D:3      | HP: 1/32 [Grinder (7)]
  2521 | D:3      | Killed from afar by Grinder

Skill      XL: |  1  2  3  4 |
---------------+-------------+-----
Maces & Flails | 3 4 |  4.6
Armour         | 4 |  4.1
Fighting       | |  3.2
Dodging        | |  0.1
Stealth        | |  0.2
Shields        | |  3.2

Action                   |  1- 3 |  4- 6 || total
-------------------------+-------+-------++-------
Melee: Flail             |   187 |   137 ||   324
  Use: Scroll            |       |     3 ||     3
       Potion            |       |     2 ||     2
  Eat: Chunk             |     2 |     4 ||     6
Armor: Scale mail        |    93 |    66 ||   159
Dodge: Dodged            |    42 |    42 ||    84
Block: Shield            |    99 |    78 ||   177
